 Dungeon Crawl Stone Soup version 0.26.1-11-gd32895ea62 (webtiles) character file.

Game seed: 3928172691169483032

3238 promet the Martial Artist (level 9, -2/68 HPs)
             Began as a Gnoll Transmuter on July 11, 2021.
             Was a Believer of Makhleb.
             Succumbed to a kobold's poison
             ... on level 7 of the Dungeon on July 12, 2021.
             The game lasted 01:05:18 (11243 turns).

promet the Martial Artist (Gnoll Transmuter)       Turns: 11243, Time: 01:05:19

Health: -2/68      AC:  2    Str: 18    XL:     9   Next: 99%
Magic:  19/19      EV: 27    Int: 17    God:    Makhleb [**....]
Gold:   455        SH:  0    Dex: 21    Spells: 16/22 levels left

rFire    . . .     SeeInvis .     - Unarmed
rCold    . . .     Faith    .   (shield currently unavailable)
rNeg     . . .     Spirit   .   (armour currently unavailable)
rPois    x         Reflect  .   (helmet currently unavailable)
rElec    .         Harm     .   (cloak currently unavailable)
rCorr    .         Rampage  .   (gloves currently unavailable)
Will     +....                  (boots currently unavailable)
Stlth    +++.......             (no amulet)
HPRegen  0.21/turn              c - +6 ring of strength
MPRegen  0.16/turn              w - ring of willpower

@: lethally poisoned (-2 -> -35), spider-form, slowed, very slow
A: tiny, distributed training, weak 1, wild magic 1, strong nose
a: End Transformation, Renounce Religion, Minor Destruction


You were on level 7 of the Dungeon.
You worshipped Makhleb.
Makhleb was pleased with you.
You were a venomous arachnid creature.
You visited 1 branch of the dungeon, and saw 8 of its levels.

You collected 455 gold pieces.

Inventory:

Hand Weapons
 a - a +4 halberd (melded)
 b - a +0 fustibalus
 m - a +3 dagger of venom
 n - a +0 battleaxe
 o - a +3 quarterstaff of chaos
 x - a +4 dire flail
 y - a +0 long sword
 z - a +0 morningstar
Missiles
 k - 73 bolts
 t - 249 stones
 v - 3 boomerangs
 B - 5 poisoned darts
 D - 3 curare-tipped darts (quivered)
 E - 2 javelins
Armour
 d - a +2 pair of gloves (melded)
 e - a +1 hat (melded)
 f - a +1 robe (melded)
 h - a +2 cloak (melded)
Jewellery
 c - a +6 ring of strength (left front leg)
 w - a ring of willpower (right front leg)
Wands
 q - a wand of polymorph (2)
 r - a wand of iceblast (7)
Scrolls
 i - 5 scrolls of teleportation
 l - a scroll of remove curse
 p - a scroll of fog
 s - 5 scrolls of identify
 u - 2 scrolls of fear
 G - a scroll of magic mapping
Potions
 j - 3 potions of brilliance
 A - 3 potions of flight
 C - a potion of might


   Skills:
 + Level 5.5 Fighting
 + Level 4.7 Short Blades
 + Level 4.7 Long Blades
 + Level 4.7 Axes
 + Level 4.7 Maces & Flails
 + Level 4.7 Polearms
 + Level 4.7 Staves
 + Level 4.7 Slings
 + Level 4.7 Bows
 + Level 4.7 Crossbows
 + Level 4.7 Throwing
 + Level 4.7 Armour
 + Level 6.7 Dodging
 + Level 4.7 Stealth
 + Level 4.7 Shields
 + Level 8.2 Unarmed Combat
 + Level 7.0 Spellcasting
 + Level 3.9 Conjurations
 + Level 3.9 Hexes
 + Level 3.9 Summonings
 + Level 3.9 Necromancy
 + Level 3.9 Translocations
 + Level 5.5 Transmutations
 + Level 3.9 Fire Magic
 + Level 3.9 Ice Magic
 + Level 3.9 Air Magic
 + Level 3.9 Earth Magic
 + Level 3.9 Poison Magic
 + Level 5.2 Invocations
 + Level 4.7 Evocations


You had 16 spell levels left.
You knew the following spells:

 Your Spells              Type           Power        Failure   Level
a - Beastly Appendage     Tmut           64%          10%         1
b - Wereblood             Tmut           32%          12%         2
c - Spider Form           Tmut/Pois      14%          21%         3

Your spell library contained the following spells:

 Spells                   Type           Power        Failure   Level
 Ice Form                 Ice/Tmut       28%          43%         4
 Blade Hands              Tmut           16%          63%         5


Dungeon Overview and Level Annotations

Branches:
Dungeon (8/15)             Temple (0/1) D:5
   Lair: D:8-11

Altars:
Cheibriados
Makhleb
Trog

Shops:
D:4 (   D:5 [   D:6 *

Annotations:
D:5 1 runed translucent door, phiIosophr's ghost, novice HaWr


Innate Abilities, Weirdness & Mutations

Your experience applies equally to all skills.
((You have very sharp teeth.))
Your uncanny sense of smell can sniff out nearby items.
You are weak. (Str -2)
Your spells are a little harder to cast, but a little more powerful.


Message History

The poisoned dart misses you.
You climb upwards.
You feel extremely sick.
There is a stone staircase leading down here.
You bite the kobold!
You kill the kobold!
Makhleb accepts your kill.
You feel better.
You feel very sick.
Okay, then.
* * * LOW HITPOINT WARNING * * *
You feel extremely sick.
* * * LOW HITPOINT WARNING * * *
You feel very sick.
* * * LOW HITPOINT WARNING * * *
You feel very sick.
Okay, then.
* * * LOW HITPOINT WARNING * * *
You feel very sick.
You die...

.#...####.#.# ...###
#...# .### #..## ..)#
#..# ##.# #..# #.#
#..# #.##
##..########
##..####.....##[.)##
###.#..........÷s..##
# #.#...............#
#..)..............#
##?...............#
#.......>.......##
####.........##...##
)[))......##.######
###.......##.#
....#........#


There were no monsters in sight!

Vanquished Creatures
  Prince Ribbit (D:7)
  Sigmund (D:2)
  2 wyverns (D:8)
  A water moccasin (D:7)
  An ice beast (D:5)
  3 sky beasts
  A phantom (D:7)
  2 centaurs
  2 big kobolds (D:7)
  4 bullfrogs
  3 scorpions
  10 wights
  2 howler monkeys
  A bullfrog zombie (D:7)
  Crazy Yiuf (D:2)
  An iron imp (D:5)
  A bullfrog skeleton (D:7)
  4 orc priests
  A centaur skeleton (D:5)
  An orc wizard (D:7)
  3 iguanas
  Ijyb (D:4)
  Natasha (twice) (D:2)
  6 worker ants
  A hound zombie (D:7)
  Robin (D:2)
  3 gnolls (D:5)
  5 adders
  A shadow imp (D:6)
  3 white imps
  3 ufetubi
  3 worms
  A dart slug (D:2)
  3 leopard geckos
  20 orcs
  A ball python (D:1)
  6 bats
  6 giant cockroaches
  7 hobgoblins
  11 jackals
  3 quokkas
  4 frilled lizards
  17 goblins
  2 jackal skeletons
  14 kobolds
  11 rats
181 creatures vanquished.

Notes
Turn   | Place    | Note
-------+----------+-------------------------------------------
     0 | D:1      | promet the Gnoll Transmuter began the quest for the Orb.
     0 | D:1      | Reached XP level 1. HP: 17/17 MP: 6/6
    15 | D:1      | Noticed a minotaur skeleton
   179 | D:1      | Reached XP level 2. HP: 9/23 MP: 7/7
   264 | D:1      | Learned a level 2 spell: Wereblood
   405 | D:1      | Gained mutation: You are weak. (Str -2) [potion of
                  | mutation]
   405 | D:1      | Gained mutation: Your spells are a little harder to cast,
                  | but a little more powerful. [potion of mutation]
  1320 | D:2      | Noticed Robin
  1349 | D:2      | Reached XP level 3. HP: 28/28 MP: 5/9
  1352 | D:2      | Reached skill level 5 in Spellcasting
  1443 | D:2      | Killed Robin
  1444 | D:2      | Reached skill level 1 in Invocations
  1507 | D:2      | Reached skill level 1 in Short Blades
  1507 | D:2      | Reached skill level 1 in Long Blades
  1507 | D:2      | Reached skill level 1 in Axes
  1507 | D:2      | Reached skill level 1 in Maces & Flails
  1507 | D:2      | Reached skill level 1 in Polearms
  1507 | D:2      | Reached skill level 1 in Staves
  1507 | D:2      | Reached skill level 1 in Slings
  1507 | D:2      | Reached skill level 1 in Bows
  1507 | D:2      | Reached skill level 1 in Crossbows
  1507 | D:2      | Reached skill level 1 in Throwing
  1507 | D:2      | Reached skill level 1 in Armour
  1507 | D:2      | Reached skill level 1 in Stealth
  1507 | D:2      | Reached skill level 1 in Shields
  1507 | D:2      | Reached skill level 1 in Evocations
  1507 | D:2      | Reached XP level 4. HP: 34/34 MP: 8/11
  1675 | D:2      | Noticed Natasha
  1681 | D:2      | Killed Natasha
  1682 | D:2      | Reached skill level 1 in Conjurations
  1682 | D:2      | Reached skill level 1 in Hexes
  1682 | D:2      | Reached skill level 1 in Summonings
  1682 | D:2      | Reached skill level 1 in Necromancy
  1682 | D:2      | Reached skill level 1 in Translocations
  1682 | D:2      | Reached skill level 1 in Fire Magic
  1682 | D:2      | Reached skill level 1 in Ice Magic
  1682 | D:2      | Reached skill level 1 in Air Magic
  1682 | D:2      | Reached skill level 1 in Earth Magic
  1682 | D:2      | Reached skill level 1 in Poison Magic
  1887 | D:2      | Noticed Sigmund
  1924 | D:2      | Killed Sigmund
  1925 | D:2      | Reached XP level 5. HP: 19/41 MP: 10/12
  1925 | D:2      | Reached XP level 6. HP: 22/47 MP: 10/13
  2131 | D:2      | Noticed Natasha
  2333 | D:2      | Reached skill level 5 in Dodging
  2751 | D:2      | Killed Natasha
  2913 | D:2      | Found a runed translucent door.
  2914 | D:2      | Noticed Crazy Yiuf
  2924 | D:2      | Killed Crazy Yiuf
  3230 | D:3      | Reached XP level 7. HP: 33/52 MP: 12/15
  3237 | D:3      | Reached skill level 7 in Unarmed Combat
  3484 | D:3      | Learned a level 3 spell: Spider Form
  5719 | D:4      | Noticed Ijyb
  5728 | D:4      | Killed Ijyb
  5831 | D:4      | Found Zuojax's Antique Weapon Boutique.
  6176 | D:5      | Entered Level 5 of the Dungeon
  6209 | D:5      | Found Sunk's Armour Boutique.
  6404 | D:5      | Found a staircase to the Ecumenical Temple.
  6690 | D:5      | Found a snail-covered altar of Cheibriados.
  6857 | D:5      | Found a runed translucent door.
  6870 | D:5      | Noticed phiIosophr's ghost (novice HaWr)
  6904 | D:5      | Reached XP level 8. HP: 46/60 MP: 14/16
  7845 | D:6      | Found a burning altar of Makhleb.
  7852 | D:6      | Became a worshipper of Makhleb the Destroyer
  8501 | D:6      | Found Suniapte's General Store.
  9473 | D:7      | Noticed Prince Ribbit
  9481 | D:7      | Killed Prince Ribbit
  9482 | D:7      | Reached skill level 5 in Transmutations
  9482 | D:7      | Reached XP level 9. HP: 53/66 MP: 18/18
 10035 | D:7      | Reached * piety under Makhleb
 10260 | D:7      | Reached skill level 5 in Fighting
 10543 | D:7      | Reached skill level 8 in Unarmed Combat
 10783 | D:7      | Found a bloodstained altar of Trog.
 10912 | D:7      | Reached skill level 5 in Invocations
 11078 | D:8      | Reached ** piety under Makhleb
 11242 | D:7      | HP: 3/68 [poisoned by a kobold]
 11243 | D:7      | Succumbed to a kobold's poison

Illustrated notes

Levels and vault maps discovered:
D:1:      shiori_arrival_whats_in_store_for_you, layout_rooms
D:2:      layout_loops_ring, feat_on_display, uniq_sigmund,
          uniq_crazy_yiuf_cottage, uniq_robin, uniq_natasha
D:3:      layout_rooms
D:4:      layout_gridville, serial_shops, shop, uniq_ijyb
D:5:      layout_basic, slow_altar_1, minmay_temple_entry_wispy,
          gammafunk_ghost_grave, serial_shops, kennysheep_little_box,
          chequers_garden, kennysheep_opposing_triangles
D:6:      layout_basic, lemuel_crystal_altar, serial_shops, nicolae_shop_trees
D:7:      layout_rooms, lemuel_coloured_pillars_altar, uniq_prince_ribbit1
D:8:      layout_rooms, nicolae_overflow_hidden_temple

Skill      XL: |  1  2  3  4  5  6  7  8  9 |
---------------+----------------------------+-----
Spellcasting   | 5 6 7 |  7.0
Invocations    | 1 2 3 4 5 |  5.2
Short Blades   | 1 2 3 4 |  4.7
Long Blades    | 1 2 3 4 |  4.7
Axes           | 1 2 3 4 |  4.7
Maces & Flails | 1 2 3 4 |  4.7
Polearms       | 1 2 3 4 |  4.7
Staves         | 1 2 3 4 |  4.7
Slings         | 1 2 3 4 |  4.7
Bows           | 1 2 3 4 |  4.7
Crossbows      | 1 2 3 4 |  4.7
Throwing       | 1 2 3 4 |  4.7
Armour         | 1 2 3 4 |  4.7
Stealth        | 1 2 3 4 |  4.7
Shields        | 1 2 3 4 |  4.7
Evocations     | 1 2 3 4 |  4.7
Conjurations   | 1 2 3 |  3.9
Hexes          | 1 2 3 |  3.9
Summonings     | 1 2 3 |  3.9
Necromancy     | 1 2 3 |  3.9
Translocations | 1 2 3 |  3.9
Fire Magic     | 1 2 3 |  3.9
Ice Magic      | 1 2 3 |  3.9
Air Magic      | 1 2 3 |  3.9
Earth Magic    | 1 2 3 |  3.9
Poison Magic   | 1 2 3 |  3.9
Fighting       | 3 4 5 |  5.5
Transmutations | 4 5 |  5.5
Dodging        | 5 6 |  6.7
Unarmed Combat | 7 8 |  8.2

Action                   |  1- 3 |  4- 6 |  7- 9 || total
-------------------------+-------+-------+-------++-------
Melee: Unarmed           |    28 |       |    11 ||    39
       Kick              |    13 |    19 |    58 ||    90
       Bite              |     6 |     7 |    30 ||    43
       Punch             |     2 |     1 |     1 ||     4
       Dagger            |    38 |    27 |     3 ||    68
       Headbutt          |     8 |     5 |    36 ||    49
       Scythe            |       |    64 |   124 ||   188
       Quarterstaff      |       |       |    11 ||    11
       Morningstar       |       |       |    32 ||    32
       Dire flail        |       |       |    39 ||    39
       Battleaxe         |       |       |    20 ||    20
       Halberd           |       |       |    92 ||    92
 Fire: Fustibalus        |       |       |    65 ||    65
Throw: Stone             |       |       |     7 ||     7
       Boomerang         |       |       |    17 ||    17
       Dart              |       |       |     5 ||     5
 Cast: Beastly Appendage |    11 |    15 |    32 ||    58
       Wereblood         |     3 |     2 |    13 ||    18
       Spider Form       |       |       |     3 ||     3
  Use: Scroll            |     6 |     1 |    15 ||    22
       Potion            |     2 |     1 |     5 ||     8
 Stab: Sleeping          |       |       |     7 ||     7
Armor: Robe              |    26 |    29 |   110 ||   165
       Skin              |       |       |     1 ||     1
Dodge: Dodged            |    46 |    69 |   319 ||   434
